 Dungeon Crawl Stone Soup version 0.23-a0-38-g6d804a8 (webtiles) character file.

223 jjfam the Covered (level 5, -14/49 HPs)
             Began as a Deep Dwarf Fighter on Aug 5, 2018.
             Demolished by an ogre
             ... wielding a +0 giant spiked club
              (23 damage)
             ... on level 4 of the Dungeon.
             The game lasted 00:03:48 (2061 turns).

jjfam the Covered (Deep Dwarf Fighter)              Turns: 2061, Time: 00:03:49

Health: -14/49     AC:  9    Str: 21    XL:     5   Next: 66%
Magic:  3/3        EV:  8    Int:  8    God:
Gold:   117        SH:  9    Dex: 12    Spells: 4/4 levels left

rFire    . . .     SeeInvis .   a - +0 war axe
rCold    . . .     Gourm    .   c - +0 shield
rNeg     . . .     Faith    .   b - +0 scale mail
rPois    .         Spirit   .   (no helmet)
rElec    .         Reflect  .   (no cloak)
rCorr    .         Harm     +   n - +0 pair of gloves
MR       .....                  r - +0 pair of boots
Stlth    ..........             e - amulet of harm
HPRegen  0.00/turn              (no ring)
MPRegen  0.08/turn              (no ring)

@: non-regenerating
A: damage resistance, heal wounds, sense surroundings 1, no regeneration
a: Heal Wounds


You were on level 4 of the Dungeon.
You were very hungry.

You visited 1 branch of the dungeon, and saw 4 of its levels.

You collected 117 gold pieces.

Inventory:

Hand Weapons
 a - a +0 war axe (weapon)
Armour
 b - a +0 scale mail (worn)
 c - a +0 shield (worn)
 n - a +0 pair of gloves (worn)
 r - a +0 pair of boots (worn)
Jewellery
 e - an amulet of harm (around neck)
Scrolls
 i - a scroll of remove curse {unknown}
 l - 2 scrolls of fog {unknown}
 o - a scroll of random uselessness {unknown}
 q - 4 scrolls of teleportation {unknown}
 s - a scroll of enchant weapon {unknown}
Potions
 d - a potion of might
 h - 3 potions of heal wounds {unknown}
 j - 2 potions of haste {unknown}
 k - a potion of lignification {unknown}
 m - 4 potions of curing {unknown}
 p - a potion of agility {unknown}
 t - 2 potions of invisibility {unknown}
Comestibles
 f - 7 rations


   Skills:
 + Level 3.3 Fighting
 + Level 4.3 Axes
 + Level 4.3 Armour
 + Level 1.6 Dodging
 + Level 4.2 Shields


You had 4 spell levels left.
You didn't know any spells.
Your spell library was empty.

Dungeon Overview and Level Annotations

Branches:
Dungeon (4/15)
 Temple: D:4-7

Altars:
Cheibriados
Gozag


Innate Abilities, Weirdness & Mutations

You are resistant to damage.
You can heal yourself by infusing magical energy.
You passively map a small area around you.
You do not regenerate.


Message History

You are too injured to fight recklessly!
Unknown command.
You are too injured to fight recklessly!
You block the gnoll's attack. The gnoll hits you.
Things that are here:
a flail; a halberd; a gnoll corpse You are feeling very hungry.
You hit the gnoll.
The gnoll is severely wounded.
You block the gnoll's attack. The gnoll hits you but does no damage.
You closely miss the gnoll.
The gnoll is severely wounded.
You block the gnoll's attack.
The gnoll hits you but does no damage. x2
You block the gnoll's attack.
You slash the gnoll!
You kill the gnoll!
The gnoll hits you from afar with a halberd.
* * * LOW HITPOINT WARNING * * *
The ogre hits you with a giant spiked club!!
You die...

, * ,** * * .
, ..#### * , *
...... ,
#...##### ,
#....<..#, , ,
#.....#.#.# ,
, ,
#....@O...# *
........#g###,
, ,
...####.#$..,
.. #.# ###, ,
,.,,, ,..., <*
*, ... , , ..#
**** * * ####
, , , ,


You could see an ogre and a gnoll.

Vanquished Creatures
  An ice beast (D:3)
  3 gnolls (D:4)
  4 adders
  An ooze (D:1)
  3 worms (D:2)
  A dart slug (D:3)
  A leopard gecko (D:2)
  An orc (D:3)
  A giant cockroach (D:2)
  3 goblins (D:1)
  8 hobgoblins
  4 jackals (D:3)
  3 kobolds
  A quokka (D:2)
  8 bats
  3 frilled lizards (D:2)
  4 rats
50 creatures vanquished.

Notes
Turn   | Place    | Note
-------+----------+-------------------------------------------
     0 | D:1      | jjfam the Deep Dwarf Fighter began the quest for the Orb.
     0 | D:1      | Reached XP level 1. HP: 20/20 MP: 1/1
   114 | D:1      | Reached XP level 2. HP: 24/27 MP: 2/2
   671 | D:2      | Reached XP level 3. HP: 19/33 MP: 3/3
   829 | D:2      | Found an opulent altar of Gozag.
  1168 | D:3      | Found a snail-covered altar of Cheibriados.
  1191 | D:3      | Reached XP level 4. HP: 30/42 MP: 4/4
  1555 | D:3      | Noticed an ice beast
  1561 | D:3      | Reached skill level 1 in Dodging
  1570 | D:3      | Killed an ice beast
  1570 | D:3      | Reached XP level 5. HP: 13/49 MP: 5/5
  2053 | D:4      | Noticed an ogre
  2061 | D:4      | Demolished by an ogre

Vault maps used:
D:1:      sevenhm_arrival_forest_fort_small_6
D:2:      cheibrodos_helix_gallery, nicolae_overflow_crystal_walls, minivault_23
D:3:      cheibriados_altar_1, first_ration, serial_glass, glass_columns_a,
          glass_columns_a, glass_columns_a, glass_columns_b, glass_columns_c,
          glass_columns_a, item_on_display_a
D:4:      grunt_temple_overflow_open

Skill      XL: |  1  2  3  4 |
---------------+-------------+-----
Armour         | 4 |  4.3
Fighting       | 3 |  3.3
Axes           | 3 4 |  4.3
Dodging        | 1 |  1.6
Shields        | 4 |  4.2

Action                   |  1- 3 |  4- 6 || total
-------------------------+-------+-------++-------
Melee: War axe           |   120 |    56 ||   176
 Abil: Heal Wounds       |     1 |     2 ||     3
  Eat: Chunk             |     1 |     2 ||     3
Armor: Scale mail        |    72 |    27 ||    99
Dodge: Dodged            |    39 |    19 ||    58
Block: Shield            |    73 |    35 ||   108

Table legend:
 A = Spawn XP
 B = Non-spawn XP
 C = Spawn XP percentage of total XP
 D = Spawn monster count
 E = Non-spawn monster count
 F = Spawn count percentage of total count
 G = Total turns spent on level
                    A         B        C        D         E        F      G
               +---------+---------+-------+---------+---------+-------+---------
         Total |       0 |     319 |   0.0 |       0 |      50 |   0.0 |  2061
               +---------+---------+-------+---------+---------+-------+---------
           D:1 |       0 |      22 |   0.0 |       0 |      10 |   0.0 |   604
           D:2 |       0 |      65 |   0.0 |       0 |      19 |   0.0 |   564
           D:3 |       0 |     188 |   0.0 |       0 |      18 |   0.0 |   881
           D:4 |       0 |      44 |   0.0 |       0 |       3 |   0.0 |    12
               +---------+---------+-------+---------+---------+-------+---------
